 Dungeon Crawl Stone Soup version 0.30-a0-578-gdee14c521f (webtiles) character file.

Game seed: 17517634820147719601

151 wormed the Sneak (level 5, 0/33 HPs)
             Began as a Kobold Delver on Jan 1, 2023.
             Was a Follower of Uskayaw.
             Splashed by a jelly's acid (9 damage)
             ... on level 4 of the Dungeon.
             The game lasted 00:04:46 (3384 turns).

wormed the Sneak (Kobold Delver)                    Turns: 3384, Time: 00:04:47

Health: 0/33       AC: -8    Str:  9    XL:     5   Next: 60%
Magic:  3/6        EV: 15    Int: 12    God:    Uskayaw [*.....]
Gold:   216        SH:  0    Dex: 18    Spells: 4/4 levels left

rFire   . . .      SeeInvis .    q - +1 dagger (venom)
rCold   . . .      Faith    .    (no shield)
rNeg    . . .      Spirit   .    b - +0 leather armour
rPois   .          Reflect  .    (no helmet)
rElec   .          Harm     .    (no cloak)
rCorr   .          Rampage  .    o - +0 pair of gloves
Will    +....                    (no boots)
Stlth   +++++                    (no amulet)
HPRegen 0.25/turn                r - ring of willpower
MPRegen 0.10/turn                (no ring)

@: corroded
A: small, no large weapons, nightstalker 3
a: Renounce Religion, Stomp


You were on level 4 of the Dungeon.
You worshipped Uskayaw.
Uskayaw was noncommittal.
You visited 2 branches of the dungeon, and saw 6 of its levels.

You collected 216 gold pieces.

Inventory:

Hand Weapons
 q - a +1 dagger of venom (weapon)
Missiles
 n - 6 poisoned darts (quivered)
 s - 3 atropa-tipped darts
Armour
 b - a +0 leather armour (worn)
 o - a +0 pair of gloves (worn)
Jewellery
 r - a ring of willpower (left hand)
Wands
 g - a wand of digging (3)
Scrolls
 a - a scroll of vulnerability {unknown}
 c - 2 scrolls of fear
 d - 4 scrolls of identify {unknown}
 i - a scroll of torment {unknown}
 j - a scroll of amnesia {unknown}
 k - 4 scrolls of teleportation {unknown}
 l - a scroll of immolation {unknown}
 m - a scroll of brand weapon {unknown}
Potions
 e - a potion of flight {unknown}
 f - a potion of attraction {unknown}
 h - 3 potions of curing {unknown}
 p - a potion of might {unknown}


   Skills:
 + Level 4.0 Fighting
 * Level 4.6 Short Blades
 + Level 3.4 Dodging
 + Level 7.2 Stealth
 + Level 1.7 Invocations


You had 4 spell levels left.
You didn't know any spells.
Your spell library contained the following spells:

 Spells                   Type           Power      Damage    Failure   Level
 Kiss of Death            Conj/Necr      0%         2d5       43%         1
 Confusing Touch          Hex            0%         N/A       80%         3
 Ignite Poison            Fire/Tmut/Pois 0%         N/A       80%         3
 Dispel Undead            Necr           0%         3d6       99%         4
 Sticky Flame             Conj/Fire      0%         2d3       99%         4
 Ignition                 Fire           0%         3d3       100%        8


Dungeon Overview and Level Annotations

Branches:
Dungeon (5/15)             Temple (1/1) D:5

Altars:
Ashenzari
Cheibriados
Dithmenos
Fedhas
Gozag
Hepliaklqana
Kikubaaqudgha
Nemelex Xobeh
Okawaru
Qazlal
Ru
Sif Muna
Uskayaw
Vehumet
Wu Jian
Xom
Yredelemnul
Zin

Shops:
D:3 ?   D:4 :

Annotations:
D:4 lotum's ghost, novice FoFi


Innate Abilities, Weirdness & Mutations

You are small and have problems with some larger weapons.
You are completely attuned to the shadows.


Message History

There is a stone staircase leading up here.
Found an escape hatch in the floor.
There is an entrance to Yxudd's Book Shoppe here.
You open the door.
There is an open door here.
You see here 8 gold pieces.
A jelly is nearby!
The jelly quivers.
You hit the jelly.
Your hands burn!
The jelly is lightly wounded.
The jelly closely misses you.
You hit the jelly but do no damage. The acid corrodes you!
Your hands burn!
The jelly is lightly wounded.
The jelly closely misses you.
A jelly is nearby!
You completely miss the jelly.
The jelly is lightly wounded.
The jelly misses you.
You hit the jelly but do no damage.
Your hands burn!
The jelly is lightly wounded.
You hit the jelly.
Your hands burn!
The jelly is moderately wounded.
The jelly hits you. The acid corrodes you!
You are splashed with acid!
You barely miss the jelly.
The jelly is moderately wounded.
The jelly barely misses you.
You stomp with the beat, sending a shockwave through the revellers around you!
The jelly is severely wounded.
You can no longer stomp with the beat.
The jelly closely misses you.
You can now stomp with the beat.
You hit the jelly. The acid corrodes you!
Your hands burn!
The jelly is severely wounded.
The jelly barely misses you.
You barely miss the jelly.
The jelly is severely wounded.
The jelly hits you.
* * * LOW HITPOINT WARNING * * *
The acid corrodes you!
You are splashed with acid!
You die...

###### #..... #.....
####..... ...J@.....#
..........# ....$.....#
[.# ..........#
..######### ...........
..##......# ....##...##
..##......# ....##...#
..''......++....#..######
.[##.W....##....#.......#


You could see a jelly.

Vanquished Creatures
  A necrophage (D:3)
  2 adders
  A worm (D:3)
  A dart slug (D:1)
  5 orcs (D:3)
  6 endoplasms
  5 giant cockroaches
  5 goblins
  5 hobgoblins
  4 jackals (D:3)
  4 kobolds
  2 ball pythons (D:1)
  6 bats
  4 frilled lizards
  10 rats
61 creatures vanquished.

Vanquished Creatures (others)
  A quokka (D:4)
1 creature vanquished.

Grand Total: 62 creatures vanquished

Notes
Turn   | Place    | Note
-------+----------+-------------------------------------------
     0 | D:5      | wormed the Kobold Delver began the quest for the Orb.
     0 | D:5      | Reached XP level 1. HP: 14/14 MP: 1/1
    49 | D:5      | Noticed an ogre
    50 | D:5      | Found a staircase to the Ecumenical Temple.
    50 | D:5      | Noticed an ogre
    56 | Temple   | Entered the Ecumenical Temple
   309 | Temple   | Became a worshipper of Uskayaw the Reveller
   341 | D:5      | Noticed a phantom
   352 | D:4      | Noticed a jelly
   383 | D:4      | Noticed lotum's ghost (novice FoFi)
   520 | D:3      | Reached * piety under Uskayaw
   552 | D:3      | Reached ** piety under Uskayaw
   553 | D:3      | Reached XP level 2. HP: 19/19 MP: 2/2
   795 | D:3      | Found Ditittim's Magic Scroll Boutique.
   984 | D:2      | Reached XP level 3. HP: 15/23 MP: 3/3
  1599 | D:1      | Reached XP level 4. HP: 28/28 MP: 4/4
  1613 | D:1      | Reached skill level 1 in Invocations
  2367 | D:2      | Reached skill level 7 in Stealth
  3130 | D:3      | Noticed a necrophage
  3143 | D:3      | Killed a necrophage
  3144 | D:3      | Reached XP level 5. HP: 19/33 MP: 0/6
  3335 | D:4      | Found Yxudd's Book Shoppe.
  3384 | D:4      | Splashed by a jelly's acid

Illustrated notes

Levels and vault maps discovered:
D:1:      erik_arrival_cave_to_civilisation [erik_arrival_cave_to_hall],
          layout_loops_ring, minmay_tetromino_l2
D:2:      layout_loops_cross
D:3:      layout_loops_corners, serial_shops, shop
D:4:      layout_basic, elyvilon_altar_4, serial_shops, shop,
          nicolae_shop_hallway_stairs, hellmonk_ghost_happy_afterlife
D:5:      layout_rooms, minmay_temple_entry_tees, serial_shops,
          kennysheep_mini_moat
Temple:   nicolae_temple_bog_church

Skill      XL: |  1  2  3  4 |
---------------+-------------+-----
Short Blades   | 3 4 |  4.6
Dodging        | 3 |  3.4
Invocations    | 1 |  1.7
Stealth        | 7 |  7.2
Fighting       | 4 |  4.0

Action                   |  1- 3 |  4- 6 || total
-------------------------+-------+-------++-------
Melee: Short sword       |    88 |     8 ||    96
       Dagger            |       |    66 ||    66
Invok: Stomp             |       |     2 ||     2
       Line Pass         |       |     1 ||     1
  Use: Scroll            |     3 |       ||     3
       Potion            |     1 |       ||     1
 Stab: Sleeping          |    24 |    12 ||    36
       Confused          |       |     1 ||     1
Armor: Leather armour    |    20 |    17 ||    37
Dodge: Dodged            |    65 |    53 ||   118

Table legend: (Time is in decaauts)
 A = Elapsed time spent in this place.
 B = Non-inter-level travel time spent in this place.
 C = Inter-level travel time spent in this place.
 D = Time resting spent in this place.
 E = Time spent auto-exploring this place.
 F = Levels seen in this place.
 G = Mean time per level.
                   A        B        C        D        E       F      G
               +--------+--------+--------+--------+--------+-----+--------+
         Total |   3353 |   3179 |    174 |      0 |   2659 |   6 |  558.8 |
       Dungeon |   3063 |   2903 |    160 |      0 |   2427 |   5 |  612.6 |
        Temple |    290 |    276 |     14 |      0 |    232 |   1 |  290.0 |
               +--------+--------+--------+--------+--------+-----+--------+

Top non-repeatable levels by time:
     D:3: 1119 daAuts
     D:1: 1017 daAuts
     D:2: 763 daAuts
  Temple: 290 daAuts
     D:5: 83 daAuts
     D:4: 80 daAuts
